 Dungeon Crawl Stone Soup version 0.32-a0-42-ga30500b4d3 (webtiles) character file.

Game seed: 17393445744509628120

1130 Newt the Skirmisher (level 8, 0/52 HPs)
             Began as a Kobold Hunter on Jan 31, 2024.
             Slain by a gnoll bouda
             ... wielding a +0 whip
              (8 damage)
             ... on level 5 of the Dungeon.
             The game lasted 00:05:52 (4918 turns).

Newt the Skirmisher (Kobold Hunter)                 Turns: 4918, Time: 00:05:52

Health: 0/52       AC:  8    Str: 10    XL:     8   Next: 62%
Magic:  8/8        EV: 15    Int: 11    God:
Gold:   551        SH:  0    Dex: 20    Spells: 7/7 levels left

rFire   . . .        a - +0 shortbow
rCold   . . .        (shield currently unavailable)
rNeg    . . .        i - +2 robe of Impermeability {Str+2}
rPois   .            e - melded +1 helmet of Death's Door {Str+3}
rElec   .            (cloak currently unavailable)
rCorr   .            (gloves currently unavailable)
SInv    .            (boots currently unavailable)
Will    .....        (no amulet)
Stlth   +++          m - +4 ring of protection
HPRegen 0.28/turn    (no ring)
MPRegen 0.11/turn

%: no passive effects
@: beast-form, hasted, very quick
A: beast (slay +2), small, no large weapons, nightstalker 3
a: Begin Untransformation


You were on level 5 of the Dungeon.
You were a hulking beast.
You visited 1 branch of the dungeon, and saw 5 of its levels.

You collected 551 gold pieces.

Inventory:

Hand Weapons
 a - a +0 shortbow (weapon)
Armour
 c - a +1 leather armour
 e - the +1 helmet of Death's Door (melded) {Str+3}
   (You took it off Robin on level 2 of the Dungeon)

   Str+3:     It affects your strength (+3).
 i - the +2 robe of Impermeability (worn) {Str+2}
   (You found it on level 2 of the Dungeon)

   Str+2:     It affects your strength (+2).
Jewellery
 m - a +4 ring of protection (left hand)
Talismans
 d - a beast talisman (active)
Wands
 n - a wand of polymorph (5)
Scrolls
 k - a scroll of enchant armour
 r - a scroll of amnesia
Potions
 g - a potion of lignification {unknown}
 j - 2 potions of mutation {unknown}
 l - a potion of attraction {unknown}
 o - a potion of heal wounds {unknown}
 p - a potion of cancellation {unknown}
 q - a potion of might {unknown}


   Skills:
 + Level 6.4 Fighting
 - Level 9.2 Ranged Weapons
 - Level 2.4 Dodging
 - Level 1.3 Stealth
 * Level 4.6 Shapeshifting


You had 7 spell levels left.
You didn't know any spells.
Your spell library contained the following spells:

 Spells                   Type           Power      Damage    Failure   Level
 Foxfire                  Conj/Fire      0%         2x1d4     34%         1
 Call Canine Familiar     Summ           0%         N/A       71%         3
 Sigil of Binding         Hex            0%         N/A       71%         3
 Dimensional Bullseye     Hex/Tloc       0%         N/A       98%         4
 Plasma Beam              Fire/Air       0%         2x1d10    100%        6
 Starburst                Conj/Fire      0%         6d3       100%        6


Dungeon Overview and Level Annotations

Branches:
Dungeon (5/15)
 Temple: D:4-7

Altars:
Fedhas
Gozag
Nemelex Xobeh
Wu Jian

Shops:
D:1 [


Innate Abilities, Weirdness & Mutations

You are a hulking beast.
Your limbs bulge with bestial killing power. (Slay +2)
You are small and have problems with some larger weapons.
You are completely attuned to the shadows.


Message History

Unknown command.
Okay, then.
Aiming: Polymorph
Press: ? - help, Shift-Dir - straight line, f - gnoll bouda, p - sleepcap
Aim: a gnoll bouda, wielding a +0 whip and wearing a +0 ring mail (lightly wounded, will become a scorpion, a howler monkey, or an iguana, chance to affect: 49%)
The gnoll bouda resists with some effort.
An ufetubus comes into view.
The gnoll bouda closely misses you.
The sleepcap releases spores at you but does no damage.
Unknown command.
Unknown command.
Unknown command.
Okay, then.
You feel yourself speed up. The gnoll bouda misses you.
The sleepcap releases spores at you but does no damage.
Unknown command.
You shoot an arrow. The arrow hits the sleepcap.
You destroy the sleepcap!
An iguana comes into view.
The gnoll bouda hits you with a +0 whip.
* * * LOW HITPOINT WARNING * * *
Unknown command.
Unknown command.
Aiming: Polymorph
Press: ? - help, Shift-Dir - straight line, f - bombardier beetle
Aim: a bombardier beetle (moderately wounded, will become a dart slug, a goblin, or a bat, chance to affect: 49%) Nothing appears to happen.
The gnoll bouda misses you. Something hits you but does no damage.
A scorpion comes into view.
Aiming: Polymorph
Press: ? - help, Shift-Dir - straight line, f/p - bombardier beetle
Aim: a bombardier beetle (moderately wounded, will become a dart slug, a goblin, or a bat, chance to affect: 49%)
A river rat appears out of thin air!
Reactivating autopickup.
Unknown command.
Unknown command.
You shoot an arrow.
The arrow barely misses the gnoll bouda.
The gnoll bouda hits you with a +0 whip!
You die...

############
#...)B.)soB#
#o########r###
#.##...# #.h.#
#>.....#####g#
###....)...
5.. #........
..#. ##.......
.#. #.......
####.....
.........
......#......


You could see a gnoll bouda, a scorpion, a bombardier beetle, a river rat, an
ufetubus and an orc.

Vanquished Creatures
  Sigmund (D:4)
  Edmund (D:4)
  A centaur (D:5)
  A bullfrog (D:4)
  A scorpion (D:4)
  A howler monkey (D:4)
  3 hounds
  A jelly (D:4)
  A gnoll bouda (D:5)
  An orc priest (D:2)
  A sleepcap (D:5)
  Natasha (D:4)
  2 iguanas (D:4)
  An orc wizard (D:5)
  Robin (D:2)
  10 gnolls
  8 adders
  4 ribbon worms
  6 dart slugs
  7 orcs
  5 ball pythons
  5 bats
  8 endoplasms
  14 goblins
  9 hobgoblins
  10 kobolds
  3 quokkas
  2 frilled lizards
  7 rats
116 creatures vanquished.

Notes
Turn   | Place    | Note
-------+----------+-------------------------------------------
     0 | D:1      | Newt the Kobold Hunter began the quest for the Orb.
     0 | D:1      | Reached XP level 1. HP: 12/12 MP: 1/1
    28 | D:1      | Found a faded altar of an unknown god.
   174 | D:1      | Reached XP level 2. HP: 18/18 MP: 2/2
   560 | D:1      | Reached skill level 6 in Ranged Weapons
   560 | D:1      | Reached XP level 3. HP: 22/22 MP: 3/3
   616 | D:1      | Found Viyqum's Armour Shop.
   759 | D:2      | Identified the +2 robe of Impermeability {Str+2}
   978 | D:2      | Reached XP level 4. HP: 28/28 MP: 4/4
  1340 | D:2      | Identified the +1 helmet of Death's Door {Str+3}
  1340 | D:2      | Noticed Robin
  1352 | D:2      | Killed Robin
  1355 | D:2      | Reached skill level 7 in Ranged Weapons
  1376 | D:2      | Reached XP level 5. HP: 27/32 MP: 5/5
  2452 | D:3      | Found an opulent altar of Gozag.
  2452 | D:3      | Found a sparkling altar of Nemelex Xobeh.
  2670 | D:3      | Reached XP level 6. HP: 38/38 MP: 6/6
  2681 | D:3      | Found an ornate altar of the Wu Jian Council.
  2685 | D:3      | Noticed a spectral centipede
  2685 | D:3      | Noticed a spectral black mamba
  2685 | D:3      | Noticed a spectral cane toad
  2780 | D:4      | Reached skill level 8 in Ranged Weapons
  2882 | D:4      | Noticed Natasha
  2895 | D:4      | Killed Natasha
  3055 | D:4      | Noticed Edmund
  3144 | D:4      | Killed Edmund
  3145 | D:4      | Reached skill level 9 in Ranged Weapons
  3145 | D:4      | Reached XP level 7. HP: 9/44 MP: 7/7
  3285 | D:4      | Reached skill level 5 in Fighting
  3366 | D:4      | Reached skill level 1 in Shapeshifting
  3829 | D:4      | Found a blossoming altar of Fedhas.
  3897 | D:4      | Noticed Sigmund
  3914 | D:4      | Killed Sigmund
  3915 | D:4      | Reached XP level 8. HP: 51/51 MP: 8/8
  4353 | D:5      | Entered Level 5 of the Dungeon
  4910 | D:5      | HP: 1/52 [gnoll bouda/+0 whip (5)]
  4918 | D:5      | Slain by a gnoll bouda

Illustrated notes

Levels and vault maps discovered:
D:1:      sevenhm_arrival_forest_fort_small_6, layout_rooms, serial_shops, shop,
          ebering_ecumenical_altar_box
D:2:      layout_basic, uniq_robin
D:3:      layout_rooms, grunt_temple_overflow_opulence,
          pdpol_wu_jian_five_deadly_venoms
D:4:      minmay_polygon_palace, layout_basic, fedhas_altar_4, uniq_sigmund,
          uniq_edmund, uniq_natasha
D:5:      layout_basic, lemuel_coloured_pillars_altar

Skill      XL: |  1  2  3  4  5  6  7  8 |
---------------+-------------------------+-----
Ranged Weapons | 6 7 9 |  9.2
Fighting       | 3 4 5 6 |  6.4
Shapeshifting  | 3 4 |  4.6
Dodging        | |  2.4
Stealth        | |  1.3

Action                     |  1- 3 |  4- 6 |  7- 9 || total
---------------------------+-------+-------+-------++-------
   Fire: Shortbow          |    63 |   198 |   162 ||   423
  Evoke: Wand              |       |       |     4 ||     4
    Use: Scroll            |       |    10 |     1 ||    11
         Potion            |       |     3 |     3 ||     6
 Armour: Leather armour    |    18 |       |       ||    18
         Robe              |     1 |    46 |    82 ||   129
  Dodge: Dodged            |    29 |    68 |   112 ||   209
   Form: Beast             |       |       |     1 ||     1

Table legend: (Time is in decaauts)
 A = Elapsed time spent in this place.
 B = Non-inter-level travel time spent in this place.
 C = Inter-level travel time spent in this place.
 D = Time resting spent in this place.
 E = Time spent auto-exploring this place.
 F = Levels seen in this place.
 G = Mean time per level.
                   A        B        C        D        E       F      G
               +--------+--------+--------+--------+--------+-----+--------+
         Total |   4900 |   4782 |    118 |   1288 |   2822 |   5 |  980.0 |
       Dungeon |   4900 |   4782 |    118 |   1288 |   2822 |   5 |  980.0 |
               +--------+--------+--------+--------+--------+-----+--------+

Top non-repeatable levels by time:
     D:4: 1586 daAuts
     D:2: 1186 daAuts
     D:1: 927 daAuts
     D:3: 640 daAuts
     D:5: 559 daAuts
